 Dungeon Crawl Stone Soup version 0.32-a0-589-g2d1f746d5d (webtiles) character file.

Game seed: 3680308774163778695

2 MartyrsKnell the Ruffian (level 1, 0/16 HPs)
             Began as a Draconian Shapeshifter on Mar 2, 2024.
             Slain by a kobold
             ... wielding a +1 dagger of venom
              (3 damage)
             ... on level 1 of the Dungeon.
             The game lasted 00:00:36 (120 turns).

MartyrsKnell the Ruffian (Draconian Shapeshifter)    Turns: 120, Time: 00:00:36

Health: 0/16       AC:  4    Str: 16    XL:     1   Next: 33%
Magic:  1/1        EV: 12    Int: 10    God:
Gold:   11         SH:  0    Dex: 10    Spells: 0/0 levels left

rFire   . .          .
                       - Unarmed
rCold   . . .        (no shield)
rNeg    . . .        (body armour unavailable)
rPois   .            (helmet currently unavailable)
rElec   .            (cloak currently unavailable)
rCorr   .            (gloves currently unavailable)
SInv    .            (boots currently unavailable)
Will    .....        (no amulet)
Stlth   +            (no ring)
HPRegen 0.22/turn    (no ring)
MPRegen 0.07/turn

%: no passive effects
@: lethally poisoned (0 -> -14), beast-form
A: beast (slay +1), AC +4, unfitting armour, cold-blooded
a: Begin Untransformation


You were on level 1 of the Dungeon.
You were a hulking beast.
You visited 1 branch of the dungeon, and saw 1 of its levels.

You collected 11 gold pieces.

Inventory:

Talismans
 b - a beast talisman (active)
 c - a flux talisman
Potions
 a - a potion of lignification


   Skills:
 + Level 1.1 Fighting
 + Level 1.8 Dodging
 + Level 0.1 Stealth
 * Level 3.0 Unarmed Combat
 + Level 3.0 Shapeshifting


You couldn't memorise any spells.
You didn't know any spells.
Your spell library was empty.

Dungeon Overview and Level Annotations

Branches:
Dungeon (1/15)

Altars:


Innate Abilities, Weirdness & Mutations

You are a hulking beast.
Your limbs bulge with bestial killing power. (Slay +1)
Your plain brown scales are hard. (AC +4)
You cannot fit into any form of body armour.
You are cold-blooded and may be slowed by cold attacks.


Message History

Found 2 javelins.
There is a stone staircase leading down here.
You see here 2 javelins.
You now have 11 gold pieces.
Key pressed, stopping explore.
No target in view!
Found 4 stones.
A kobold comes into view. It is wielding a +1 dagger of venom.
A kobold is nearby!
A kobold is nearby!
The kobold shouts!
The kobold hits you with a +1 dagger of venom.
You are poisoned.
You closely miss the kobold.
You feel very sick. The kobold hits you but does no damage.
You are lethally poisoned!
You closely miss the kobold.
You feel very sick. The kobold misses you.
You are too injured to fight recklessly!
You are too injured to fight recklessly!
You are too injured to fight recklessly!
You are too injured to fight recklessly!
You are too injured to fight recklessly!
You are too injured to fight recklessly!
You are too injured to fight recklessly!
You are too injured to fight recklessly!
You are too injured to fight recklessly!
You are too injured to fight recklessly!
You are too injured to fight recklessly!
You are too injured to fight recklessly!
You are too injured to fight recklessly!
You are too injured to fight recklessly!
You are too injured to fight recklessly!
You barely miss the kobold.
* * * LOW HITPOINT WARNING * * *
You feel very sick.
The kobold hits you with a +1 dagger of venom.
You die...

####.############
#..........##...#
#.####.###.##.#.##...
#.# #.# #...........
####.## #.#
###.####.(..
###.....#
#.####..........
.##.....#
#.#..........##
.##.....#
#.#.#.##.###.#
.#####(## #.. #.hK.#
# ...>...# ### ######
######## ######
.....# ##...#####
.........# .#######.#


You could see a kobold.

Vanquished Creatures
  A giant cockroach (D:1)
  A goblin (D:1)
2 creatures vanquished.

Notes
Turn   | Place    | Note
-------+----------+-------------------------------------------
     0 | D:1      | MartyrsKnell the Draconian Shapeshifter began the quest for
                  | the Orb.
     0 | D:1      | Reached XP level 1. HP: 16/16 MP: 1/1
   120 | D:1      | Slain by a kobold

Illustrated notes

Levels and vault maps discovered:
D:1:      tarquinn_simple_flora_water_a, layout_basic, minmay_misc_feat_iff

Action                     || total
---------------------------++-------
  Melee: Unarmed           ||    11
 Armour: Skin              ||     6
  Dodge: Dodged            ||     6

Table legend: (Time is in decaauts)
 A = Elapsed time spent in this place.
 B = Non-inter-level travel time spent in this place.
 C = Inter-level travel time spent in this place.
 D = Time resting spent in this place.
 E = Time spent auto-exploring this place.
 F = Levels seen in this place.
 G = Mean time per level.
                   A        B        C        D        E       F      G
               +--------+--------+--------+--------+--------+-----+--------+
         Total |    119 |    119 |      0 |      0 |     96 |   1 |  119.0 |
       Dungeon |    119 |    119 |      0 |      0 |     96 |   1 |  119.0 |
               +--------+--------+--------+--------+--------+-----+--------+

Top non-repeatable levels by time:
     D:1: 119 daAuts
